 Dungeon Crawl Stone Soup version 0.31-a0-875-g02e7d12df6 (webtiles) character file.

Game seed: 462677938673099895

225 lessens the Ruffian (level 5, -19/41 HPs)
             Began as a Demonspawn Fighter on Oct 13, 2023.
             Was an Initiate of Qazlal.
             Demolished by an ogre
             ... wielding a +0 giant club
              (26 damage)
             ... on level 4 of the Dungeon.
             The game lasted 00:03:57 (3213 turns).

lessens the Ruffian (Demonspawn Fighter)            Turns: 3213, Time: 00:03:58

Health: -19/41     AC: 14    Str: 18    XL:     5   Next: 68%
Magic:  5/5        EV:  9    Int:  9    God:    Qazlal [......]
Gold:   172        SH:  4    Dex: 13    Spells: 4/4 levels left

rFire   . . .        a - +0 war axe
rCold   . . .        c - +0 buckler
rNeg    . . .        b - +0 scale mail
rPois   .            t - +1 helmet
rElec   .            (no cloak)
rCorr   .            (no gloves)
SInv    .            o - +1 pair of boots
Will    .....        (no amulet) Stlth
                     q - +4 ring of protection
HPRegen 0.26/turn    (no ring)
MPRegen 0.09/turn

%: no passive effects
@: mighty
A: claws 1, demonic guardian 1, demonic magic 1
a: Renounce Religion


You were on level 4 of the Dungeon.
You worshipped Qazlal.
Qazlal was noncommittal.
You visited 2 branches of the dungeon, and saw 5 of its levels.

You collected 172 gold pieces.

Inventory:

Hand Weapons
 a - a +0 war axe (weapon)
Missiles
 e - 33 stones
 s - 3 boomerangs
Armour
 b - a +0 scale mail (worn)
 c - a +0 buckler (worn)
 o - a +1 pair of boots (worn)
 t - a +1 helmet (worn)
Jewellery
 q - a +4 ring of protection (left claw)
Scrolls
 f - 2 scrolls of blinking {unknown}
 h - 2 scrolls of noise {unknown}
 i - a scroll of vulnerability {unknown}
 j - a scroll of poison {unknown}
 k - 2 scrolls of identify {unknown}
 l - 2 scrolls of revelation {unknown}
 p - a scroll of teleportation {unknown}
 r - a scroll of fear {unknown}
Potions
 g - a potion of haste {unknown}
 m - a potion of heal wounds {unknown}
 n - a potion of curing {unknown}
 u - a potion of enlightenment {unknown}


   Skills:
 - Level 3.0 Fighting
 - Level 2.5 Axes
 - Level 2.6 Armour
 - Level 2.6 Shields
 + Level 4.7 Unarmed Combat


You had 4 spell levels left.
You didn't know any spells.
Your spell library contained the following spells:

 Spells                   Type           Power      Damage    Failure   Level
 Hailstorm                Conj/Ice       0%         3d3       99%         3
 Summon Ice Beast         Ice/Summ       0%         N/A       100%        4
 Simulacrum               Ice/Necr       0%         N/A       100%        6


Dungeon Overview and Level Annotations

Branches:
Dungeon (4/15) Zot: 20736  Temple (1/1) D:4 Zot: 5960

Altars:
Ashenzari
Cheibriados
Fedhas
Gozag
Hepliaklqana
Makhleb
Qazlal
Ru
Uskayaw
Vehumet
Xom
Yredelemnul

Shops:
D:4 (

Annotations:
D:3 2 transporters


Innate Abilities, Weirdness & Mutations

You have sharp fingernails.
A weak demonic guardian rushes to your aid.
Spells you cast may paralyse adjacent enemies.


Message History

You feel sick.
You feel sick.
You are no longer poisoned.
An endoplasm comes into view.
The endoplasm quivers.
An endoplasm is nearby!
An endoplasm is nearby!
The endoplasm freezes you.
You are frozen.
You hit the endoplasm.
The endoplasm is almost dead.
The endoplasm closely misses you.
You hit the endoplasm.
You kill the endoplasm!
Qazlal accepts your kill.
No target in view!
An ogre comes into view. It is wielding a +0 giant club.
The ogre shouts!
The ogre moves out of view.
An ogre is nearby!
An ogre is nearby!
You aren't carrying any items that you can evoke.
You feel very mighty all of a sudden.
An orc comes into view. It is wielding a +0 short sword.
You hit the ogre.
The ogre is lightly wounded.
The ogre hits you with a +0 giant club!
You slash the ogre!
The ogre is heavily wounded.
The ogre barely misses you.
You barely miss the ogre.
The ogre is heavily wounded.
The ogre hits you with a +0 giant club!!
* * * LOW HITPOINT WARNING * * *
A demonic guardian appears!
You slash the ogre!
The ogre is almost dead.
The ogre hits you with a +0 giant club!!
Ouch! That really hurt!
You die...

#.##..#........
.##..........#
.###....##..##
.##..#####.## ##.#....#
#..### ##
###.......####.##. .#..
#.#..###†.........
.....##...## ##.##......
#...O@5## #..###....
#...o...#####..# ##...
.......#....##..#####.##
....#.###...#†...##....#
... ## ##.........>..##
.. ####....##....... #
#.##....#####...#
#.......# ##....
#..#....# #.....


You could see an ogre (ally target), an orc and a friendly shadow imp
(summoned).

Vanquished Creatures
  2 orc priests
  An iguana (D:4)
  3 adders
  3 worms (D:3)
  4 dart slugs
  8 orcs
  3 bats
  11 endoplasms
  5 giant cockroaches
  3 goblins (D:3)
  10 hobgoblins
  6 jackals
  2 quokkas (D:4)
  7 ball pythons
  A frilled lizard (D:1)
  5 kobolds
  3 rats
77 creatures vanquished.

Vanquished Creatures (collateral kills)
  3 orcs (D:3)
3 creatures vanquished.

Grand Total: 80 creatures vanquished

Notes
Turn   | Place    | Note
-------+----------+-------------------------------------------
     0 | D:1      | lessens the Demonspawn Fighter began the quest for the Orb.
     0 | D:1      | Reached XP level 1. HP: 18/18 MP: 1/1
   125 | D:1      | Gained mutation: You have sharp fingernails. [demonic
                  | ancestry]
   125 | D:1      | Reached XP level 2. HP: 23/24 MP: 2/2
   571 | D:1      | Reached skill level 1 in Unarmed Combat
   990 | D:2      | Gained mutation: A weak demonic guardian rushes to your
                  | aid. [demonic ancestry]
   990 | D:2      | Reached XP level 3. HP: 29/29 MP: 3/3
  1072 | D:2      | Reached skill level 2 in Unarmed Combat
  1727 | D:3      | Reached XP level 4. HP: 17/35 MP: 4/4
  1811 | D:3      | Reached skill level 3 in Unarmed Combat
  2401 | D:3      | Found a transporter.
  2423 | D:3      | Found a transporter.
  2727 | D:4      | Found a staircase to the Ecumenical Temple.
  2743 | Temple   | Found a transporter.
  2743 | Temple   | Found a transporter.
  2743 | Temple   | Found a transporter.
  2743 | Temple   | Found a transporter.
  2743 | Temple   | Entered the Ecumenical Temple
  2765 | Temple   | Became a worshipper of Qazlal Stormbringer
  2795 | D:4      | Gained mutation: Spells you cast may paralyse adjacent
                  | enemies. [demonic ancestry]
  2795 | D:4      | Reached XP level 5. HP: 41/41 MP: 5/5
  2885 | D:4      | Reached skill level 4 in Unarmed Combat
  2910 | D:4      | Found Tyicw's Weapon Emporium.
  3204 | D:4      | Noticed an ogre
  3213 | D:4      | Demolished by an ogre

Illustrated notes

Levels and vault maps discovered:
D:1:      onia_arrival_pyramid, layout_loops_ring
D:2:      layout_basic
D:3:      gammafunk_steamed_eel, layout_loops_ring, corner_web_ring
D:4:      layout_cave_pools, gammafunk_temple_overflow_elements,
          general_overflow_altar, minmay_temple_entry_tees, serial_shops,
          nicolae_stop_n_shop_1, uniq_ijyb
Temple:   hellmonk_temple_divided_pantheon

Skill      XL: |  1  2  3  4  5 |
---------------+----------------+-----
Axes           | 2 |  2.5
Unarmed Combat | 1 2 3 4 |  4.7
Fighting       | |  3.0
Armour         | |  2.6
Shields        | |  2.6

Action                     |  1- 3 |  4- 6 || total
---------------------------+-------+-------++-------
  Melee: War axe           |   112 |   104 ||   216
    Use: Potion            |       |     1 ||     1
 Armour: Scale mail        |    72 |    72 ||   144
  Dodge: Dodged            |    43 |    50 ||    93
  Block: Buckler           |    23 |    24 ||    47

Table legend: (Time is in decaauts)
 A = Elapsed time spent in this place.
 B = Non-inter-level travel time spent in this place.
 C = Inter-level travel time spent in this place.
 D = Time resting spent in this place.
 E = Time spent auto-exploring this place.
 F = Levels seen in this place.
 G = Mean time per level.
                   A        B        C        D        E       F      G
               +--------+--------+--------+--------+--------+-----+--------+
         Total |   3301 |   3228 |     73 |    175 |   2470 |   5 |  660.2 |
       Dungeon |   3261 |   3197 |     64 |    175 |   2467 |   4 |  815.2 |
        Temple |     39 |     30 |      9 |      0 |      3 |   1 |   39.0 |
               +--------+--------+--------+--------+--------+-----+--------+

Top non-repeatable levels by time:
     D:3: 1101 daAuts
     D:1: 856 daAuts
     D:2: 829 daAuts
     D:4: 475 daAuts
  Temple: 39 daAuts

Levels and vault maps discovered:
D:1:      onia_arrival_pyramid, layout_loops_ring
D:2:      layout_basic
D:3:      gammafunk_steamed_eel, layout_loops_ring, corner_web_ring
D:4:      layout_cave_pools, gammafunk_temple_overflow_elements,
          general_overflow_altar, minmay_temple_entry_tees, serial_shops,
          nicolae_stop_n_shop_1, uniq_ijyb
Temple:   hellmonk_temple_divided_pantheon
